 Dungeon Crawl Stone Soup version 0.27-a0-906-g0a00ce863d (webtiles) character file.

Game seed: 514417166220491469

275 lunkers the Magician (level 6, -1/46 HPs)
             Began as a Djinni Earth Elementalist on Apr 6, 2021.
             Slain by an orc
             ... wielding a +2 flail of holy wrath
              (5 damage)
             ... on level 3 of the Dungeon.
             The game lasted 00:02:21 (2367 turns).

lunkers the Magician (Djinni Earth Elementalist)    Turns: 2367, Time: 00:02:22

Health: -1/46      AC:  2    Str: 13    XL:     6   Next: 25%
Gold:   173        EV: 12    Int: 18    God:
                   SH:  0    Dex: 14

rFire    + + .     SeeInvis +   (no weapon)
rCold    x . .     Faith    .   (no shield)
rNeg     . . .     Spirit   .   c - +0 robe
rPois    ∞         Reflect  .   (no helmet)
rElec    .         Harm     .   (no cloak)
rCorr    .         Rampage  .   (no gloves)
Will     .....                  (boots unavailable)
Stlth    ++........             (no amulet)
HPRegen  0.15/turn              h - +6 ring of strength
MPRegen  0.00/turn              l - ring of see invisible

@: flying
A: fire resistance 2, cold vulnerability 1, float, innate caster, hp casting,
extra vitality 1
a: no special abilities


You were on level 3 of the Dungeon.
You visited 1 branch of the dungeon, and saw 4 of its levels.

You collected 173 gold pieces.

Inventory:

Missiles
 b - 96 stones
 j - 7 curare-tipped darts
Armour
 c - a +0 robe (worn)
Jewellery
 h - a +6 ring of strength (left hand)
 l - a ring of see invisible (right hand)
Scrolls
 a - 2 scrolls of teleportation {unknown}
 f - a scroll of silence {unknown}
 g - 2 scrolls of identify {unknown}
 i - a scroll of holy word {unknown}
 k - a scroll of acquirement {unknown}
Potions
 d - a potion of degeneration {unknown}
 e - a potion of flight {unknown}


   Skills:
 + Level 3.1 Fighting
 - Level 2.1 Dodging
 - Level 1.5 Stealth
 * Level 5.0 Spellcasting


You couldn't memorise any spells.
You knew the following spells:

 Your Spells              Type           Power      Damage    Failure   Level
a - Sandblast             Erth           44%        2d11      1%          1
b - Passwall              Tmut/Erth      18%        N/A       2%          2
c - Stone Arrow           Conj/Erth      44%        3d9       4%          3
d - Petrify               Tmut/Erth      22%        N/A       17%         4
e - Lee's Rapid Deconstr  Erth           11%        3d9*      43%         5
f - Sting                 Tmut/Pois      88%        1d7       1%          1
g - Poisonous Vapours     Pois/Air       44%        N/A       2%          2
Your spell library was empty.

Dungeon Overview and Level Annotations

Branches:
Dungeon (4/15)
 Temple: D:4-7

Altars:
Dithmenos


Innate Abilities, Weirdness & Mutations

You are immune to poison.
Your flesh is very heat resistant. (rF++)
You are vulnerable to cold. (rC-)
You float through the air rather than walking.
You learn spells naturally, not from books.
Your magical power is your life essence.
You have superior vitality. (+4 HP)


Message History

* * * LOW HITPOINT WARNING * * *
The scorpion closely misses you.
Casting: Sandblast (safe; 1% risk of failure)
Confirm with . or Enter, or press ? or * to list all spells.
Aiming: Sandblast (safe; 1% risk of failure)
Press: ? - help, Shift-Dir - straight line, f/p - scorpion
Aim: a scorpion (severely wounded, 19% to evade)
The blast of sand misses the scorpion.
* * * LOW HITPOINT WARNING * * *
The scorpion stings you!
* * * LOW HITPOINT WARNING * * *
The orc hits you with a +2 flail of holy wrath.
* * * LOW HITPOINT WARNING * * *
Casting: Sandblast (safe; 1% risk of failure)
Confirm with . or Enter, or press ? or * to list all spells.
Aiming: Sandblast (safe; 1% risk of failure)
Press: ? - help, Shift-Dir - straight line, f/p - scorpion
Aim: a scorpion (severely wounded, 19% to evade)
The blast of sand hits the scorpion!
You kill the scorpion!
* * * LOW HITPOINT WARNING * * *
The orc hits you with a +2 flail of holy wrath.
* * * LOW HITPOINT WARNING * * *
Your Fighting skill increases to level 3!
Your Spellcasting skill increases to level 5!
You have reached level 6!
Your experience leads to an increase in your attributes!
Your base attributes are Str 7, Int 17, Dex 14.
Increase (S)trength, (I)ntelligence, or (D)exterity?
You feel clever.
Casting: Sandblast (safe; 1% risk of failure)
Confirm with . or Enter, or press ? or * to list all spells.
Aiming: Sandblast (safe; 1% risk of failure)
Press: ? - help, Shift-Dir - straight line, f - orc
Aim: an orc, wielding a +2 flail of holy wrath and wearing a +0 scale mail (17% to evade)
The blast of sand hits the orc.
The orc is heavily wounded.
* * * LOW HITPOINT WARNING * * *
The orc hits you with a +2 flail of holy wrath.
You die...

....#.#######.....##...........).
#...#.......#<....#..............
#...#######'###..##....####...###
#...# #.)....##..##....#......#..
#...# #......'...##....#......#..
#...###......##..#######......#..
..............................#..
...............o..............#..
................@.........#......
..÷...........#..†........#......
..÷...........#..................
..####§.§####.#..................
..###§§.§§###.##.................
..##.§§.§§§##.##..........#......
..#§§.§..§.§#.##...........#####.
....§.§.§§§§..##########...# #.
...§§.._...........#####...#####.


You could see an orc.

Vanquished Creatures
  A sky beast (D:3)
  A scorpion (D:3)
  An orc priest (D:4)
  2 adders
  3 dart slugs
  6 ball pythons
  7 bats
  7 endoplasms
  3 giant cockroaches (D:1)
  3 goblins
  3 hobgoblins
  6 jackals (D:2)
  3 quokkas
  10 kobolds
  7 rats
63 creatures vanquished.

Notes
Turn   | Place    | Note
-------+----------+-------------------------------------------
     0 | D:1      | lunkers the Djinni Earth Elementalist began the quest for
                  | the Orb.
     0 | D:1      | Reached XP level 1. HP: 15/15 MP: 0/0
   130 | D:1      | Reached skill level 3 in Spellcasting
   130 | D:1      | Reached XP level 2. HP: 19/22 MP: 0/0
   280 | D:1      | Reached skill level 1 in Fighting
   551 | D:1      | Reached XP level 3. HP: 26/27 MP: 0/0
   551 | D:1      | Learned a level 1 spell: Sting
  1120 | D:2      | Reached XP level 4. HP: 27/33 MP: 0/0
  1741 | D:3      | Noticed a sky beast
  1748 | D:3      | Killed a sky beast
  1749 | D:3      | Reached skill level 4 in Spellcasting
  1749 | D:3      | Reached XP level 5. HP: 34/39 MP: 0/0
  1749 | D:3      | Learned a level 2 spell: Poisonous Vapours
  1814 | D:3      | Found a faded altar of an unknown god.
  2010 | D:3      | Found a shadowy altar of Dithmenos.
  2367 | D:3      | Reached skill level 5 in Spellcasting
  2367 | D:3      | Reached XP level 6. HP: 5/46 MP: 0/0
  2367 | D:3      | Slain by an orc

Illustrated notes

Levels and vault maps discovered:
D:1:      scummos_arrival_simple_fountains, layout_loops_cross, serial_rivers,
          chequers_serial_rivers_small_a, chequers_serial_rivers_room_b,
          chequers_serial_rivers_micro_a, chequers_serial_rivers_micro_a
D:2:      layout_rooms
D:3:      layout_basic, nicolae_dithmenos_the_darkroom, basic_ecumenical_altar
D:4:      gammafunk_wand_slinger, layout_cave_pools, general_overflow_altar,
          uniq_ijyb, uniq_eustachio

Skill      XL: |  1  2  3  4  5 |
---------------+----------------+-----
Spellcasting   | 3 4 5 |  5.0
Fighting       | 1 2 3 |  3.1
Dodging        | |  2.1
Stealth        | |  1.5

Action                   |  1- 3 |  4- 6 || total
-------------------------+-------+-------++-------
 Cast: Sandblast         |    53 |    41 ||    94
Armor: Robe              |     4 |     2 ||     6
Dodge: Dodged            |     3 |     8 ||    11

Table legend: (Time is in decaauts)
 A = Elapsed time spent in this place.
 B = Non-inter-level travel time spent in this place.
 C = Inter-level travel time spent in this place.
 D = Time resting spent in this place.
 E = Time spent auto-exploring this place.
 F = Levels seen in this place.
 G = Mean time per level.
                   A        B        C        D        E       F      G
               +--------+--------+--------+--------+--------+-----+--------+
         Total |   2365 |   2295 |     70 |      0 |   2037 |   4 |  591.2 |
       Dungeon |   2365 |   2295 |     70 |      0 |   2037 |   4 |  591.2 |
               +--------+--------+--------+--------+--------+-----+--------+

Top non-repeatable levels by time:
     D:1: 1054 daAuts
     D:2: 668 daAuts
     D:3: 638 daAuts
     D:4: 4 daAuts
